 Dungeon Crawl Stone Soup version 0.23-a0-143-g1adec7b (webtiles) character file.

14 Amnesiac the Vexing (level 2, 0/21 HPs)
             Began as a Mummy Arcane Marksman on Sept 2, 2018.
             Slain by a goblin
             ... wielding a +0 mace
              (6 damage)
             ... on level 1 of the Dungeon.
             The game lasted 00:00:48 (333 turns).

Amnesiac the Vexing (Mummy Arcane Marksman)          Turns: 333, Time: 00:00:48

Health: 0/21       AC:  2    Str: 13    XL:     2   Next: 27%
Magic:  4/4        EV: 12    Int: 12    God:
Gold:   6          SH:  0    Dex: 12    Spells: 2/3 levels left

rFire    x . .     SeeInvis .   b - +0 hand axe
rCold    + . .     Gourm    .   (no shield)
rNeg     + + +     Faith    .   e - +0 robe
rPois    ∞         Spirit   .   (no helmet)
rElec    .         Reflect  .   (no cloak)
rCorr    .         Harm     .   (no gloves)
MR       .....                  (no boots)
Stlth    +.........             (no amulet)
HPRegen  0.07/turn              (no ring)
MPRegen  0.09/turn              (no ring)

@: no status effects
A: no food or potions, fire vulnerability, cold resistance 1, negative energy
resistance 3, torment resistance, unbreathing
a: no special abilities


You were on level 1 of the Dungeon.
You were not hungry.

You visited 1 branch of the dungeon, and saw 1 of its levels.

You collected 6 gold pieces.

Inventory:

Hand Weapons
 a - a +0 hand crossbow
 b - a +0 hand axe (weapon)
Armour
 e - a +0 robe (worn)


   Skills:
 + Level 1.5 Fighting
 * Level 2.2 Crossbows
 - Level 1.5 Dodging
 - Level 1.3 Spellcasting
 - Level 2.6 Hexes


You had 2 spell levels left.
You knew the following spells:

 Your Spells              Type           Power        Failure   Level  Hunger
a - Corona                Hex            #......      10%         1    N/A

Your spell library contained the following spells:

 Spells                   Type           Power        Failure   Level  Hunger
 Slow                     Hex            #.......     14%         2    N/A
 Inner Flame              Hex/Fire       #.......     45%         3    N/A
 Portal Projectile        Hex/Tloc       #.....       45%         3    N/A
 Cause Fear               Hex            #.........   67%         4    N/A
 Leda's Liquefaction      Hex/Erth       #.........   86%         4    N/A

Dungeon Overview and Level Annotations

Branches:
Dungeon (1/15)

Altars:


Innate Abilities, Weirdness & Mutations

You do not eat or drink.
Your flesh is vulnerable to fire.
You are immune to poison.
Your flesh is cold resistant. (rC+)
You are immune to negative energy. (rN+++)
You are immune to unholy pain and torment.
You can survive without breathing.


Message History

That would be overly suicidal.
Okay, then.
You start resting.
A goblin comes into view. It is wielding a mace.
Firing (i - inventory)
d - 7 bolts (quivered)
Press: ? - help, Shift-Dir - straight line, f - goblin
Aim: a goblin, wielding a mace (hasn't noticed you)
You shoot a bolt. The bolt closely misses the goblin.
The goblin shouts!
Firing (i - inventory)
d - 6 bolts (quivered)
Press: ? - help, Shift-Dir - straight line, f/p - goblin
Aim: a goblin, wielding a mace You shoot a bolt.
The bolt closely misses the goblin.
Firing (i - inventory)
d - 5 bolts (quivered)
Press: ? - help, Shift-Dir - straight line, f/p - goblin
Aim: a goblin, wielding a mace You shoot a bolt.
The bolt hits the goblin.
The goblin is heavily wounded.
Firing (i - inventory)
d - 4 bolts (quivered)
Press: ? - help, Shift-Dir - straight line, f/p - goblin
Aim: a goblin, wielding a mace (heavily wounded)
You shoot a bolt. The bolt closely misses the goblin.
Firing (i - inventory)
d - 3 bolts (quivered)
Press: ? - help, Shift-Dir - straight line, f/p - goblin
Aim: a goblin, wielding a mace (heavily wounded)
You shoot a bolt. The bolt hits the goblin.
The goblin is severely wounded.
The goblin hits you with a mace.
* * * LOW HITPOINT WARNING * * *
Firing (i - inventory)
d - 2 bolts (quivered)
Press: ? - help, Shift-Dir - straight line, f/p - goblin
Aim: a goblin, wielding a mace (severely wounded)
You shoot a bolt.
The bolt hits the goblin but does no damage.
The goblin is severely wounded.
The goblin hits you with a mace.
* * * LOW HITPOINT WARNING * * *
Firing (i - inventory)
d - a bolt (quivered)
Press: ? - help, Shift-Dir - straight line, f/p - goblin
Aim: a goblin, wielding a mace (severely wounded)
You shoot a bolt. The bolt closely misses the goblin.
The goblin barely misses you.
Firing (i - inventory) No suitable missiles.
Press: ? - help, Shift-Dir - straight line, f/p - goblin
Aim: a goblin, wielding a mace (severely wounded)
Okay, then.
Firing (i - inventory) No suitable missiles.
Press: ? - help, Shift-Dir - straight line, f/p - goblin
Aim: a goblin, wielding a mace (severely wounded)
Okay, then.
Firing (i - inventory) No suitable missiles.
Press: ? - help, Shift-Dir - straight line, f/p - goblin
Aim: a goblin, wielding a mace (severely wounded)
Okay, then.
Firing (i - inventory) No suitable missiles.
Press: ? - help, Shift-Dir - straight line, f/p - goblin
Aim: a goblin, wielding a mace (severely wounded)
Okay, then.
b - a +0 hand axe (weapon)
A rat comes into view.
You barely miss the goblin.
The goblin is severely wounded.
The goblin barely misses you. The goblin hits you with a mace.
You die...

....<....#.......†......#...
..........#........#......#
##.....#####........?.#
..#...#............$#.#
...#.#..#%........%...#
#...#..#..........##..#
##.....#.......#.## ..#
###.............## ..#
.............##@.# ..#
####.#.(.(..(.)g.# ...
#....(.(####.(......#
#...l.>... #.#......#
#>........# #(#(.##.##
............ .....# #
#..........##.)..r# .#((.(#
.....(..


You could see a goblin and a rat (wandering).

Vanquished Creatures
  A leopard gecko (D:1)
  A bat (D:1)
  4 goblins (D:1)
  2 hobgoblins (D:1)
  A frilled lizard (D:1)
  A kobold (D:1)
  A rat (D:1)
11 creatures vanquished.

Notes
Turn   | Place    | Note
-------+----------+-------------------------------------------
     0 | D:1      | Amnesiac the Mummy Arcane Marksman began the quest for the
                  | Orb.
     0 | D:1      | Reached XP level 1. HP: 15/15 MP: 2/2
   172 | D:1      | Reached XP level 2. HP: 4/21 MP: 4/4
   333 | D:1      | Slain by a goblin

Vault maps used:
D:1:      scummos_arrival_star

Skill      XL: |  1 |
---------------+----+-----
Crossbows      | 2 |  2.2
Fighting       | |  1.5
Dodging        | |  1.5
Spellcasting   | |  1.3
Hexes          | |  2.6

Action                   || total
-------------------------++-------
Melee: Hand axe          ||    17
 Fire: Hand crossbow     ||    20
Armor: Robe              ||     7
Dodge: Dodged            ||    21

Table legend:
 A = Non-vault XP
 B = Vault XP
 C = Vault XP percentage of total XP
 D = Non-vault monster count
 E = Vault monster count
 F = Vault count percentage of total count
                 A         B        C        D         E       F
            +---------+---------+-------+---------+---------+-------
      Total |      20 |       0 |   0.0 |      11 |       0 |   0.0
            +---------+---------+-------+---------+---------+-------
        D:1 |      20 |       0 |   0.0 |      11 |       0 |   0.0
            +---------+---------+-------+---------+---------+-------
